[Event "Late-Titled-Tuesday-Blitz-May-28-2024"]
[Site "Chess.com"]
[Date "2024.05.28"]
[Round "1"]
[White "The_Sherman_Variation"]
[Black "ChEsper99"]
[Result "1-0"]
[WhiteElo "2579"]
[BlackElo "2247"]
[TimeControl "180+1"]
[EndTime "14:05:43 PDT"]
[Termination "The_Sherman_Variation won by resignation"]

1. h3 d5 2. a3 e5 3. g3 Nf6 4. Bg2 Bd6 5. d3 c5 6. Nc3 Be6 7. e4 dxe4 8. dxe4 O-O 9. Be3 Nc6 10. Nf3 Nd4 11. O-O a6 12. Nd2 b5 13. Ne2 Qc8 14.
Kh2 Rd8 15. c3 Nxe2 16. Qxe2 Rb8 17. Rad1 b4 18. axb4 cxb4 19. c4 Bc5 20. b3 Bd4 21.
Nf3 Bxe3 22. Qxe3 Qc6 23. Nxe5 Qc7 24. f4 a5 25. Nf3 a4 26. f5 Bd7 27. e5 Ne8 28. Ng5 Bc6 29. e6 f6 30. e7 Rd6 31. c5 fxg5 32. cxd6 Nxd6 33. Qe6+ Kh8 34. Qxd6 1-0

[Event "Late-Titled-Tuesday-Blitz-May-28-2024"]
[Site "Chess.com"]
[Date "2024.05.28"]
[Round "1"]
[White "BattlestarGalactica04"]
[Black "biostatistician"]
[Result "0-1"]
[WhiteElo "2178"]
[BlackElo "2564"]
[TimeControl "180+1"]
[EndTime "14:05:43 PDT"]
[Termination "biostatistician won by resignation"]

1. e4 e5 2. Nf3 Nc6 3. Nc3 Nf6 4. a4 Be7 5. d4 exd4 6. Nxd4 O-O 7. Bc4 Nxe4 8. Nxe4 d5 9. Bb5 Nxd4 10. Qxd4 dxe4 11. Qxe4 c6 12. Bd3 g6 13. O-O Bf5 14. Qe2 Bxd3 15. cxd3 Bf6 16. Rd1 Re8 17. Be3 Qd5 18. Qc2 Re6 19.
Rac1 Bd4 20. Bxd4 Qxd4 21. Qc4 Rd8 22. b3 Re2 23. Qxd4 Rxd4 24. Rc4 Rxd3 25. Rf1 Rxb3 26. Rd4 Reb2 27. h4 a5 28. h5 Kg7 29. g4 Rb4 30.
Rfd1 Rxd4 31. Rxd4 Rb4 32. Rd7 gxh5 33. Kf1 hxg4 34.
Kg2 h5 35. Kg3 Kg6 36. Kh4 Rb3 37. f3 Rxf3 38. Rd3 Rh3+ 39. Rxh3 gxh3 40. Kxh3 Kg5 41. Kg3 h4+ 42. Kh3 b5 43. axb5 cxb5 0-1

[Event "Late-Titled-Tuesday-Blitz-May-28-2024"]
[Site "Chess.com"]
[Date "2024.05.28"]
[Round "1"]
[White "Balla_Tamas"]
[Black "bubeliang"]
[Result "0-1"]
[WhiteElo "2452"]
[BlackElo "2803"]
[TimeControl "180+1"]
[EndTime "14:05:45 PDT"]
[Termination "bubeliang won by resignation"]

1. e4 c6 2. d4 d5 3. e5 c5 4.
dxc5 e6 5. Be3 Nd7 6. Bb5 Ne7 7. c3 Nf5 8. Bd4 Qc7 9. b4 a5 10.
Nf3 Be7 11. O-O O-O 12. a3 Nxd4 13. cxd4 axb4 14. Qb3 b6 15. c6 Nb8 16. Nbd2 Nxc6 17. Rfc1 Bb7 18. axb4 Rxa1 19. Rxa1 Nxb4 20. Rb1 Rc8 21.
Bf1 Qc2 22. Qa3 Ra8 23. Qe3 h6 24. h3 Ba6 25. Bxa6 Rxa6 26. Re1 Qd3 27. Qf4 Ra8 28.
Re3 Qg6 29. Nh4 Qg5 30. Rf3 Qxf4 31. Rxf4 Bg5 0-1

[Event "Late-Titled-Tuesday-Blitz-May-28-2024"]
[Site "Chess.com"]
[Date "2024.05.28"]
[Round "1"]
[White "olawsson"]
[Black "KirAk47"]
[Result "0-1"]
[WhiteElo "2129"]
[BlackElo "2553"]
[TimeControl "180+1"]
[EndTime "14:05:47 PDT"]
[Termination "KirAk47 won by resignation"]

1. d4 d5 2. c4 dxc4 3. Nf3 Nf6 4.
e3 Bg4 5. Bxc4 e6 6. Nbd2 Nbd7 7. Qb3 Rb8 8. O-O a6 9. a4 c5 10. Ne5 Bf5 11. Ndf3 Be7 12. Rd1 Qc7 13. Nxd7 Nxd7 14. a5 O-O 15. h3 Rfc8 16. Bd2 cxd4 17. Rac1 dxe3 18. Bxe6 exf2+ 19. Kxf2 Bc5+ 20. Be3 Bxe6 0-1

[Event "Late-Titled-Tuesday-Blitz-May-28-2024"]
[Site "Chess.com"]
[Date "2024.05.28"]
[Round "1"]
[White "GMBenjaminFinegold"]
[Black "merinasian"]
[Result "1-0"]
[WhiteElo "2766"]
[BlackElo "2437"]
[TimeControl "180+1"]
[EndTime "14:05:48 PDT"]
[Termination "GMBenjaminFinegold won by resignation"]

1. d4 d6 2. Nf3 Nd7 3. e4 g6 4.
Nc3 Bg7 5. Be3 a6 6. Qd2 b5 7. O-O-O Bb7 8. Bd3 e6 9. Kb1 h6 10. h4 Ne7 11. g4 b4 12. Ne2 Nf6 13. Ng3 Nxg4 14.
Qxb4 Rb8 15. Qa4+ Bc6 16. Qxa6 O-O 17. h5 Nxe3 18. fxe3 g5 19. Rdf1 Rb6 20. Qa3 Qd7 21. b3 Ra8 22. Qb2 Rb7 23. Nxg5 hxg5 24. h6 Bh8 25. h7+ Kf8 26. Nh5 Ng6 27. Rhg1 Rba7 28. Nf6 Qe7 29. e5 Nh4 30. Rxg5 Ng6 31. Bxg6 fxg6 32. Rxg6 Bxf6 33. h8=Q+ 1-0

[Event "Late-Titled-Tuesday-Blitz-May-28-2024"]
[Site "Chess.com"]
[Date "2024.05.28"]
[Round "1"]
[White "karinachess1"]
[Black "Viktor_Poddubnyi"]
[Result "1-0"]
[WhiteElo "2613"]
[BlackElo "2315"]
[TimeControl "180+1"]
[EndTime "14:05:50 PDT"]
[Termination "karinachess1 won on time"]

1. d4 g6 2. e4 Bg7 3. Nc3 d6 4. Be3 a6 5. h4 h5 6. f3 b5 7. Nh3 Nf6 8. Ng5 e6 9. Qd2 Qe7 10. a4 b4 11. Ne2 a5 12. c3 Na6 13. Nf4 O-O 14. Be2 Bb7 15. O-O e5 16. Nfh3 d5 17. dxe5 Qxe5 18. Bd4 Qe7 19. e5 Nd7 20. f4 c5 21. Bf2 f6 22. exf6 Nxf6 23. Bf3 Ne4 24.
Qc2 bxc3 25. bxc3 Qf6 26. Rab1 Rab8 27. Nxe4 dxe4 28. Bxe4 Bxe4 29. Qxe4 Rxb1 30. Rxb1 Qxc3 31. Qe6+ 1-0

[Event "Late-Titled-Tuesday-Blitz-May-28-2024"]
[Site "Chess.com"]
[Date "2024.05.28"]
[Round "1"]
[White "el_sporco"]
[Black "wonderfultime"]
[Result "0-1"]
[WhiteElo "2521"]
[BlackElo "3004"]
[TimeControl "180+1"]
[EndTime "14:05:51 PDT"]
[Termination "wonderfultime won by resignation"]

1. e4 c5 2. Nf3 Nf6 3. e5 Nd5 4. c3 e6 5. d4 cxd4 6. cxd4 b6 7. Nc3 Nxc3 8. bxc3 Bb7 9. Bd3 Qc7 10. O-O d6 11.
Bf4 Nd7 12. Qa4 Bc6 13. Bb5 Bxb5 14. Qxb5 d5 15. Rac1 a6 16. Qb3 b5 17. a4 Rb8 18.
axb5 axb5 19. Ra1 Be7 20. Ra6 O-O 21. Rfa1 Rfc8 22. Bd2 h6 23. h3 Bf8 24. Ra7 Qc6 25. R1a6 Nb6 26. Ne1 Qe8 27. Nc2 Nc4 28. Be1 Qd8 29.
Qa2 Qg5 30. Qb1 Nd2 31. Qd1 Ne4 32. Qf3 Qg6 33. Kh2 Ng5 34. Qg4 Qxc2 35. h4 Qe4 36.
Qh5 g6 0-1

[Event "Late-Titled-Tuesday-Blitz-May-28-2024"]
[Site "Chess.com"]
[Date "2024.05.28"]
[Round "1"]
[White "IngOscarArdila"]
[Black "BabageldiAnnaberdiyev"]
[Result "0-1"]
[WhiteElo "2272"]
[BlackElo "2591"]
[TimeControl "180+1"]
[EndTime "14:05:57 PDT"]
[Termination "BabageldiAnnaberdiyev won by resignation"]

1. d4 Nf6 2. Nf3 g6 3. c4 Bg7 4. Nc3 O-O 5. e3 d6 6. Be2 Nbd7 7. O-O e5 8. dxe5 dxe5 9. Qc2 c6 10. Rd1 Re8 11.
b3 Qe7 12. Bb2 e4 13. Nd2 Nf8 14. a4 Bf5 15. Ba3 Qe6 16. Nf1 h5 17. Rd6 Qc8 18. Rad1 h4 19. c5 N8h7 20. Bb2 Ng5 21. Nb1 Re6 22. Rxe6 Bxe6 23. Bc4 h3 24. Nbd2 hxg2 25. Ng3 Bg4 26. Re1 Bf3 27. Nxf3 exf3 28. h4 Nh3+ 29. Kh2 Ng4+ 30. Kxh3 Nxe3+ 31. Kh2 Nxc2 32. Re7 g1=Q+ 33.
Kxg1 Bxb2 34. Rxf7 Na3 35. Rxf3+ Nxc4 36. bxc4 Qe6 0-1

[Event "Late-Titled-Tuesday-Blitz-May-28-2024"]
[Site "Chess.com"]
[Date "2024.05.28"]
[Round "1"]
[White "rasmussvane"]
[Black "manitodeplomo"]
[Result "1-0"]
[WhiteElo "2953"]
[BlackElo "2511"]
[TimeControl "180+1"]
[EndTime "14:05:58 PDT"]
[Termination "rasmussvane won by checkmate"]

1. Nf3 g6 2. e4 Bg7 3. d4 c5 4. d5 d6 5. Nc3 Nf6 6. Bb5+ Bd7 7. a4 Bxb5 8. axb5 Nbd7 9. O-O O-O 10. h3 Nb6 11. Qe2 Ne8 12. Rd1 Nc7 13. Bf4 Qd7 14. e5 f6 15. e6 Qe8 16. Ra5 g5 17. Be3 Qg6 18. Rda1 a6 19. bxa6 bxa6 20. b4 Nbxd5 21. Nxd5 Nxd5 22. bxc5 f5 23. Bxg5 Bxa1 24. Rxa1 dxc5 25.
c4 Nb4 26. Bxe7 Rfe8 27. Nh4 Qg7 28. Ra3 Qxe7 29. Rg3+ Kf8 30. Qe5 Qxh4 31. Qg7# 1-0

[Event "Late-Titled-Tuesday-Blitz-May-28-2024"]
[Site "Chess.com"]
[Date "2024.05.28"]
[Round "1"]
[White "Juliana_Figueira"]
[Black "2346PL"]
[Result "0-1"]
[WhiteElo "1958"]
[BlackElo "2544"]
[TimeControl "180+1"]
[EndTime "14:06:03 PDT"]
[Termination "2346PL won by checkmate"]

1. d4 e5 2. dxe5 Nc6 3. Nf3 Qe7 4. Qd5 f6 5. exf6 Nxf6 6. Qd1 d5 7. e3 Bg4 8. Be2 O-O-O 9. h3 Bh5 10. c3 Ne4 11.
Nd4 Bxe2 12. Qxe2 Ne5 13. Nd2 Qf6 14. O-O c5 15. N4f3 Bd6 16. c4 Nxd2 17. Nxd2 dxc4 18.
Nxc4 Bc7 19. Nxe5 Qxe5 20. g3 h5 21. Rb1 h4 22. f4 Qe4 23. Bd2 hxg3 24. Qg4+ Kb8 25.
Bc3 Qxe3+ 26. Kg2 Qe4+ 27. Qf3 Qc2+ 28. Kg1 Qh2# 0-1

[Event "Late-Titled-Tuesday-Blitz-May-28-2024"]
[Site "Chess.com"]
[Date "2024.05.28"]
[Round "1"]
[White "ChessLebaneseSalah"]
[Black "djjohnnywoo"]
[Result "1-0"]
[WhiteElo "2552"]
[BlackElo "2125"]
[TimeControl "180+1"]
[EndTime "14:06:04 PDT"]
[Termination "ChessLebaneseSalah won by checkmate"]

1. e4 g6 2. d4 Bg7 3. Nf3 d6 4. Nc3 c6 5. Bd3 Bg4 6. Be3 Nd7 7. O-O e5 8. dxe5 Nxe5 9. Be2 Bxf3 10. Bxf3 Nf6 11.
Be2 Qe7 12. f4 Ned7 13. Bf3 O-O 14. Qd2 Rad8 15. Rad1 Nc5 16. Bxc5 dxc5 17. Qf2 h5 18. e5 Ng4 19. Qe2 Nh6 20. Ne4 Nf5 21. c3 f6 22.
exf6 Bxf6 23. Qc4+ Qf7 24. Nxf6+ Kg7 25. Qxf7+ Kxf7 26. Nd7 Kg7 27. Nxf8 Rxf8 28. Rd7+ Kh6 29. Re1 Nh4 30. Re4 Nxf3+ 31. gxf3 h4 32. Kf2 b5 33. Ke3 c4 34. Ree7 Rh8 35. Ke4 h3 36. f5 Kg5 37.
fxg6 Kxg6 38. Re6+ Kg5 39. Rg7+ Kh5 40. Re5+ Kh4 41.
Rg4# 1-0

[Event "Late-Titled-Tuesday-Blitz-May-28-2024"]
[Site "Chess.com"]
[Date "2024.05.28"]
[Round "1"]
[White "Kiborg95"]
[Black "ccccvhhhj"]
[Result "1-0"]
[WhiteElo "2814"]
[BlackElo "2457"]
[TimeControl "180+1"]
[EndTime "14:06:05 PDT"]
[Termination "Kiborg95 won by resignation"]

1. e4 e6 2. d3 d5 3. Nd2 Nf6 4. e5 Nfd7 5. f4 c5 6. Ndf3 Nc6 7. Nh3 Be7 8. g3 Nd4 9. Bg2 Nxf3+ 10. Qxf3 Qb6 11.
c3 f5 12. O-O O-O 13. g4 fxg4 14. Qxg4 Rf5 15. Bxd5 exd5 16. Qxf5 Nf6 17. Qg5 Bxh3 18. exf6 Bxf6 19. Qxd5+ Kh8 20. Re1 Rd8 21. Qf3 Bf5 22. Be3 Qxb2 23. Bxc5 Qxc3 24. Qd5 Qxd3 25. Qxd3 Bxd3 26.
Rad1 b6 27. Rxd3 1-0

[Event "Late-Titled-Tuesday-Blitz-May-28-2024"]
[Site "Chess.com"]
[Date "2024.05.28"]
[Round "1"]
[White "VacheH009"]
[Black "Masterisback04"]
[Result "1-0"]
[WhiteElo "2552"]
[BlackElo "2113"]
[TimeControl "180+1"]
[EndTime "14:06:11 PDT"]
[Termination "VacheH009 won by resignation"]

1. d4 Nf6 2. Nf3 e6 3. c4 c5 4. d5 b5 5. dxe6 fxe6 6. cxb5 d5 7. Nc3 Be7 8. e4 d4 9. e5 dxc3 10. exf6 Qxd1+ 11. Kxd1 Bxf6 12. Kc2 Bb7 13. bxc3 Be4+ 14. Bd3 Bxd3+ 15. Kxd3 O-O 16. Kc2 Nd7 17. Re1 e5 18.
Be3 Rfc8 19. Nd2 a6 20. a4 Rcb8 21. bxa6 Rxa6 22. Nc4 Rba8 23. a5 Kf7 24. Red1 Ke6 25. Rab1 R8a7 26. f3 g5 27. Rb5 Rc6 28. Kd3 Be7 29.
Ra1 h6 30. Kc2 Nf6 31. Rb6 Ra6 32. Rxc6+ Rxc6 33. a6 Rc8 34. a7 Ra8 35. Nb6 Rg8 36. a8=Q Rxa8 37. Rxa8 h5 38. Ra6 Kf7 39. Nc4 g4 40.
Nxe5+ 1-0

[Event "Late-Titled-Tuesday-Blitz-May-28-2024"]
[Site "Chess.com"]
[Date "2024.05.28"]
[Round "1"]
[White "Sanyura"]
[Black "rionelG"]
[Result "1-0"]
[WhiteElo "2607"]
[BlackElo "2307"]
[TimeControl "180+1"]
[EndTime "14:06:18 PDT"]
[Termination "Sanyura won by resignation"]

1. Nf3 c5 2. c4 Nc6 3. Nc3 g6 4.
e3 Bg7 5. d4 cxd4 6. exd4 d6 7.
g3 Bg4 8. d5 Nd4 9. Bg2 Qd7 10.
Be3 Bxf3 11. Bxf3 Nxf3+ 12. Qxf3 Nf6 13. O-O O-O 14. Bd4 Rac8 15. b3 a6 16. a4 Ne8 17.
Bxg7 Nxg7 18. Rfe1 Rfe8 19. Kg2 Qf5 20. Qe3 Qf6 21.
Ne4 Qe5 22. Rad1 Nf5 23. Qd2 Ng7 24. g4 h5 25. f4 1-0

[Event "Late-Titled-Tuesday-Blitz-May-28-2024"]
[Site "Chess.com"]
[Date "2024.05.28"]
[Round "1"]
[White "Pawngobblerx2000"]
[Black "MatthewG-p4p"]
[Result "1-0"]
[WhiteElo "2490"]
[BlackElo "2840"]
[TimeControl "180+1"]
[EndTime "14:06:19 PDT"]
[Termination "Pawngobblerx2000 won by resignation"]

1. c4 e6 2. g3 d5 3. Bg2 Nf6 4. Nf3 dxc4 5. O-O a6 6. a4 Nc6 7. Na3 Bxa3 8. bxa3 e5 9. Bb2 Qe7 10. Qc2 Be6 11. Nxe5 Nxe5 12. Bxe5 c6 13. a5 Rd8 14. Rab1 Rd7 15. Rfd1 O-O 16. d4 cxd3 17. Rxd3 Rxd3 18. Qxd3 Rd8 19. Qc3 Nd5 20. Qb2 f6 21. Bd4 Bf5 22. e4 c5 23. exf5 cxd4 24. Qxd4 Nc7 25. Qc4+ Kh8 26.
Rxb7 Qe1+ 27. Qf1 Qxa5 28. Qc4 Nb5 29. Qf7 Rg8 30. Bd5 Qe1+ 31. Kg2 Qe8 32. Qxg8+ Qxg8 33. Bxg8 Nd6 34. Rb8 1-0

[Event "Late-Titled-Tuesday-Blitz-May-28-2024"]
[Site "Chess.com"]
[Date "2024.05.28"]
[Round "1"]
[White "Vladimir_Zakhartsov"]
[Black "Kombinator01"]
[Result "1-0"]
[WhiteElo "2863"]
[BlackElo "2475"]
[TimeControl "180+1"]
[EndTime "14:06:21 PDT"]
[Termination "Vladimir_Zakhartsov won by checkmate"]

1. d4 d5 2. c4 e6 3. Nf3 a6 4. cxd5 exd5 5. Nc3 h6 6. Bf4 Nf6 7.
e3 Bd6 8. Ne5 O-O 9. Bd3 Be6 10.
O-O Nbd7 11. h3 Re8 12. Rc1 Qe7 13. Bh2 c6 14. f4 Nf8 15. Bg3 c5 16. Bh4 c4 17.
Bb1 b5 18. Ne2 N8h7 19. Bxh7+ Kxh7 20. Ng3 Qa7 21. Bxf6 gxf6 22. Nh5 fxe5 23. Nf6+ Kh8 24. fxe5 Bf8 25. Qh5 Bg7 26. Rf4 b4 27. Rh4 c3 28.
Qg5 cxb2 29. Rxh6+ Bxh6 30. Qxh6# 1-0

[Event "Late-Titled-Tuesday-Blitz-May-28-2024"]
[Site "Chess.com"]
[Date "2024.05.28"]
[Round "1"]
[White "Laico"]
[Black "Dolphin_2010"]
[Result "0-1"]
[WhiteElo "2424"]
[BlackElo "2741"]
[TimeControl "180+1"]
[EndTime "14:06:21 PDT"]
[Termination "Dolphin_2010 won on time"]

1. e4 c6 2. d4 d5 3. f3 Qb6 4. Nc3 e5 5. dxe5 dxe4 6. Nxe4 Be6 7. Nd6+ Bxd6 8. Qxd6 Nd7 9. a4 a5 10. f4 Ne7 11.
Bd3 Nc5 12. Be3 Qxb2 13. Bxc5 Qxa1+ 14. Kf2 Nd5 15. Bb5 cxb5 0-1

[Event "Late-Titled-Tuesday-Blitz-May-28-2024"]
[Site "Chess.com"]
[Date "2024.05.28"]
[Round "1"]
[White "zsizsi99"]
[Black "Maluco_do_Natal_00"]
[Result "1-0"]
[WhiteElo "2546"]
[BlackElo "2033"]
[TimeControl "180+1"]
[EndTime "14:06:23 PDT"]
[Termination "zsizsi99 won on time"]

1. e4 c5 2. Nf3 Nc6 3. Bb5 e6 4. O-O Nge7 5. c3 a6 6. Ba4 b5 7. Bc2 c4 8. a4 Bb7 9. e5 Ng6 10. Re1 d5 11. d4 cxd3 12. Qxd3 b4 13. Bd2 Nh4 14. Nd4 bxc3 15. Bxc3 Qg5 16. Qg3 Qxg3 17. hxg3 Ng6 18. Nxc6 Bxc6 19. Nd2 Be7 20. Nf3 O-O 21. Nd4 Bd7 22. a5 Rfc8 23. Bd3 Bc5 24. Kf1 Ne7 25. b4 Ba7 26. Rec1 Rxc3 27. Rxc3 Bxd4 28. Rc7 Bxa1 29. Rxd7 Nc6 30. Bxa6 Nxe5 31. Rc7 h5 32. Bb7 Rb8 33. a6 1-0

[Event "Late-Titled-Tuesday-Blitz-May-28-2024"]
[Site "Chess.com"]
[Date "2024.05.28"]
[Round "1"]
[White "cthake"]
[Black "Squirlolz"]
[Result "0-1"]
[WhiteElo "1764"]
[BlackElo "2538"]
[TimeControl "180+1"]
[EndTime "14:06:23 PDT"]
[Termination "Squirlolz won by checkmate"]

1. c4 b5 2. cxb5 a6 3. e3 g6 4. bxa6 Bg7 5. Nc3 c5 6. Nf3 Nf6 7. Be2 O-O 8. O-O Bxa6 9. Bxa6 Nxa6 10. a3 d5 11. d4 c4 12. b4 cxb3 13. Qxb3 e6 14.
Nb5 Ne4 15. a4 Qd7 16. Ba3 Rfc8 17. Rfc1 h5 18. h3 Nc7 19. Nxc7 Rxc7 20. Rxc7 Qxc7 21.
Rc1 Qa7 22. Ne5 Bxe5 23. dxe5 Qxa4 24. Rc8+ Kg7 25. Qxa4 Rxa4 26. Bf8+ Kh7 27. Rc7 Kg8 28. Rc8 Rc4 29. Rd8 Kh7 30. Rd7 Rc8 31. Ba3 Kg7 32.
g4 hxg4 33. hxg4 Rc2 34. f3 Ng5 35. f4 Nf3+ 36. Kf1 g5 37. Rd8 gxf4 38. exf4 Nh2+ 39. Kg1 Nxg4 40. Bf8+ Kg6 41. Bd6 Kf5 42. Rf8 Ke4 43. Rxf7 Kf3 44. Ba3 Rg2+ 45. Kf1 Ne3+ 46. Ke1 Re2# 0-1

[Event "Late-Titled-Tuesday-Blitz-May-28-2024"]
[Site "Chess.com"]
[Date "2024.05.28"]
[Round "1"]
[White "Dexter_Dyke"]
[Black "Aygehovit1992"]
[Result "0-1"]
[WhiteElo "2457"]
[BlackElo "2815"]
[TimeControl "180+1"]
[EndTime "14:06:24 PDT"]
[Termination "Aygehovit1992 won by resignation"]

1. e4 c5 2. Nf3 e6 3. d4 cxd4 4. c3 dxc3 5. Nxc3 Nc6 6. Bc4 a6 7. Qe2 b5 8. Bb3 Bb7 9. O-O Nge7 10.
Rd1 Na5 11. Bc2 Rc8 12. Bg5 f6 13. Bh4 Ng6 14. Bg3 Nc4 15. Bb3 Be7 16. h4 O-O 17.
h5 Nh8 18. a4 Bc6 19. axb5 axb5 20. Nd4 Qb6 21. Kh1 Nf7 22. f4 Kh8 23. f5 Ng5 24.
fxe6 dxe6 25. h6 gxh6 26. Bxc4 bxc4 27. e5 f5 28. Bf4 Rg8 29. Rd2 Bb7 30. Qh5 Rg6 31.
Rad1 Rcg8 32. Nf3 Nxf3 33. gxf3 Rg1+ 34. Kh2 Rxd1 35. Nxd1 Qg1+ 36. Kh3 Qh1+ 37. Bh2 Qf1+ 0-1

[Event "Late-Titled-Tuesday-Blitz-May-28-2024"]
[Site "Chess.com"]
[Date "2024.05.28"]
[Round "1"]
[White "robertoalejandro10"]
[Black "Rud_Makarian"]
[Result "0-1"]
[WhiteElo "2511"]
[BlackElo "2951"]
[TimeControl "180+1"]
[EndTime "14:06:25 PDT"]
[Termination "Rud_Makarian won by checkmate"]

1. Nf3 Nf6 2. b3 d5 3. Bb2 Bg4 4. g3 Bxf3 5. exf3 e6 6. Bg2 g6 7. O-O Bg7 8. d3 O-O 9. f4 c5 10. Nd2 Nc6 11. Re1 Nd7 12. Bxg7 Kxg7 13. Nf3 Qf6 14. Qd2 Rfd8 15. c3 b5 16. Rac1 Rac8 17. d4 a5 18. Bf1 c4 19. Ne5 Ndxe5 20. fxe5 Qe7 21. a4 b4 22. Red1 cxb3 23. Bb5 bxc3 24. Rxc3 Nb4 25. Rxb3 Rc2 26. Qe3 Rdc8 27. Rd2 Rc1+ 28.
Kg2 h6 29. h4 Qd8 30. Qf3 Qe7 31.
Qf4 Re1 32. Rf3 Rcc1 33. Qf6+ Qxf6 34. Rxf6 Kf8 35. Rf3 Ke7 36. Kh2 Rh1+ 37. Kg2 Rcg1# 0-1

[Event "Late-Titled-Tuesday-Blitz-May-28-2024"]
[Site "Chess.com"]
[Date "2024.05.28"]
[Round "1"]
[White "Boninknights"]
[Black "dozer80"]
[Result "0-1"]
[WhiteElo "2404"]
[BlackElo "2705"]
[TimeControl "180+1"]
[EndTime "14:06:29 PDT"]
[Termination "dozer80 won by resignation"]

1. d4 Nf6 2. Nf3 c6 3. c4 d5 4.
Qb3 dxc4 5. Qxc4 Bf5 6. Nbd2 e6 7. g3 Nbd7 8. Bg2 Be7 9. O-O O-O 10. Qb3 Qb6 11.
Nc4 Qxb3 12. axb3 Be4 13. Nfe5 Bxg2 14. Kxg2 Nxe5 15. dxe5 Nd5 16. Bd2 Rfd8 17. Rfd1 h6 18. e4 Nb4 19. Bxb4 Bxb4 20. Rxd8+ Rxd8 21. Rxa7 b5 22. Nb6 Bc5 23. Rb7 Rd2 24. Nd7 Rxf2+ 25. Kh3 Bb4 26. Rc7 Rxb2 27. Rxc6 Rxb3 28. Rb6 Be7 29. Rb8+ Kh7 30. Re8 Ba3 31. Kg4 Kg6 32. h4 h5+ 33.
Kh3 Re3 34. Rb8 Rd3 35. Nb6 Bb2 36. Nc8 Rxg3+ 37. Kxg3 Bxe5+ 38. Kf3 Bxb8 39. Ne7+ Kf6 40. Ng8+ Ke5 41. Ke3 Bd6 42. Kd3 b4 0-1

[Event "Late-Titled-Tuesday-Blitz-May-28-2024"]
[Site "Chess.com"]
[Date "2024.05.28"]
[Round "1"]
[White "wild3000"]
[Black "aval7an"]
[Result "0-1"]
[WhiteElo "2392"]
[BlackElo "2674"]
[TimeControl "180+1"]
[EndTime "14:06:29 PDT"]
[Termination "aval7an won on time"]

1. d4 Nf6 2. c4 e6 3. Nf3 d5 4. e3 a6 5. cxd5 exd5 6. Be2 Bd6 7.
O-O O-O 8. Nc3 c6 9. b3 Bg4 10. Bb2 Re8 11. h3 Bh5 12. Rc1 Nbd7 13. Nh4 Bxe2 14.
Qxe2 Ne4 15. Nxe4 Rxe4 16. Nf5 Bc7 17. f3 Re6 18. e4 Qg5 19. Rce1 Rae8 20. Qf2 Nf6 21.
h4 Qg6 22. Bc3 dxe4 23. Rxe4 Nxe4 24. fxe4 Rxe4 25. Qf3 Rf4 26. Qxf4 Bxf4 27. Rxf4 Re2 28. g3 Qe6 29. d5 Qxd5 30. Rf2 Rxf2 31. Kxf2 Qxf5+ 0-1

[Event "Late-Titled-Tuesday-Blitz-May-28-2024"]
[Site "Chess.com"]
[Date "2024.05.28"]
[Round "1"]
[White "protectiago"]
[Black "Javadovvv"]
[Result "1-0"]
[WhiteElo "2134"]
[BlackElo "2536"]
[TimeControl "180+1"]
[EndTime "14:06:29 PDT"]
[Termination "protectiago won by checkmate"]

1. d4 e6 2. c4 d5 3. g3 Nf6 4. Nf3 Be7 5. Bg2 O-O 6. O-O c6 7.
Nbd2 b6 8. Qc2 Bb7 9. e4 Na6 10. e5 Nd7 11. cxd5 Nb4 12. Qb1 cxd5 13. a3 Nc6 14. Re1 Rc8 15. Bf1 a6 16. Bd3 h6 17.
Nf1 b5 18. b4 Nb6 19. g4 Nc4 20.
Ng3 a5 21. bxa5 Qxa5 22. Be3 Nxa3 23. Qd1 Qd8 24. g5 hxg5 25. Nxg5 g6 26. Qg4 Qd7 27. Qh4 Bxg5 28. Bxg5 f5 29. exf6 Qh7 30. Qg4 Kf7 31. Qxe6# 1-0

[Event "Late-Titled-Tuesday-Blitz-May-28-2024"]
[Site "Chess.com"]
[Date "2024.05.28"]
[Round "1"]
[White "nocnypako"]
[Black "Quattroporte300"]
[Result "1-0"]
[WhiteElo "2690"]
[BlackElo "2398"]
[TimeControl "180+1"]
[EndTime "14:06:31 PDT"]
[Termination "nocnypako won by resignation"]

1. d4 d5 2. Bf4 Nf6 3. e3 g6 4.
Nf3 Bg7 5. Be2 c6 6. O-O O-O 7. h3 Re8 8. c4 Nbd7 9. Nc3 dxc4 10. Bxc4 e6 11. Rc1 Nb6 12. Bb3 Nfd5 13. Bh2 Bd7 14. Ne5 Qe7 15. Qf3 Rad8 16. Nxd7 Qxd7 17. Ne4 Qe7 18.
Rfd1 f5 19. Nc5 Nc8 20. e4 fxe4 21. Nxe4 Rf8 22. Qe2 Nf4 23. Bxf4 Rxf4 24. Nc5 Rfxd4 25. Rxd4 Bxd4 26. Nxe6 Kh8 27. Qd2 Rd7 28. Nxd4 c5 29. Re1 Qd8 30. Qf4 cxd4 31. Qe5+ Rg7 32. Qe8+ 1-0

[Event "Late-Titled-Tuesday-Blitz-May-28-2024"]
[Site "Chess.com"]
[Date "2024.05.28"]
[Round "1"]
[White "LastGladiator1"]
[Black "ahmedkandiliii"]
[Result "1-0"]
[WhiteElo "2987"]
[BlackElo "2516"]
[TimeControl "180+1"]
[EndTime "14:06:34 PDT"]
[Termination "LastGladiator1 won by checkmate"]

1. d4 Nf6 2. c4 e6 3. Nf3 d5 4. g3 dxc4 5. Bg2 Bb4+ 6. Bd2 a5 7. O-O O-O 8. Qc1 b5 9. a4 Bb7 10. axb5 Qd5 11. Nc3 Bxc3 12. bxc3 Qxb5 13. Rb1 Qa6 14. Bf4 Be4 15. Ra1 Nd5 16. Bd2 Nd7 17. Re1 c5 18.
Bf1 a4 19. Ng5 Bg6 20. e4 N5b6 21.
f3 Rfc8 22. Ra3 h6 23. Nh3 Qa5 24. Nf4 Bh7 25. Ng2 Qa7 26. Ne3 cxd4 27. cxd4 Rc7 28. Bc3 e5 29. Qb2 Rb8 30. Qa1 Qa6 31. Rb1 exd4 32.
Bxd4 Nc5 33. Nd5 Rcc8 34. Ne7+ Kh8 35. Bxg7# 1-0

[Event "Late-Titled-Tuesday-Blitz-May-28-2024"]
[Site "Chess.com"]
[Date "2024.05.28"]
[Round "1"]
[White "hansen"]
[Black "Love7Unicorn"]
[Result "1-0"]
[WhiteElo "3057"]
[BlackElo "2530"]
[TimeControl "180+1"]
[EndTime "14:06:35 PDT"]
[Termination "hansen won on time"]

1. e4 c5 2. Nf3 d6 3. d4 cxd4 4. Nxd4 Nf6 5. Nc3 g6 6. Be2 Bg7 7. Nb3 O-O 8. O-O Nc6 9. Re1 Be6 10. Bf1 a5 11. a4 Rc8 12. Nd5 Ne5 13. c3 Re8 14. h3 Nc4 15. Ra2 Nb6 16. Nxf6+ Bxf6 17. Bb5 Nd7 18. Ra1 Bg7 19. Be3 Rf8 20. Nd4 Bc4 21. Bxc4 Rxc4 22. Qb3 Rc7 23. Nb5 Nc5 24. Qd5 Rc6 25. Bxc5 dxc5 26. Rad1 Qb8 27. e5 Rfc8 28. f4 b6 29. Qd7 Bf8 30. Rd2 Re6 31. h4 h5 32. g3 Bg7 33. Red1 1-0

[Event "Late-Titled-Tuesday-Blitz-May-28-2024"]
[Site "Chess.com"]
[Date "2024.05.28"]
[Round "1"]
[White "AradNazari"]
[Black "TheoSlade"]
[Result "1-0"]
[WhiteElo "2785"]
[BlackElo "2448"]
[TimeControl "180+1"]
[EndTime "14:06:35 PDT"]
[Termination "AradNazari won by resignation"]

1. e4 e5 2. f4 exf4 3. Nf3 g5 4. h4 g4 5. Ne5 Nf6 6. Nxg4 Nxe4 7. d3 Ng3 8. Bxf4 Nxh1 9. Qe2+ Qe7 10. Nf6+ Kd8 11. Bxc7+ Kxc7 12. Nd5+ Kd8 13. Nxe7 Bxe7 14. Qf3 Bxh4+ 15.
Kd2 Ng3 16. Na3 Bg5+ 17. Kc3 Nxf1 18. Rxf1 f6 19. Nb5 Nc6 20. Qg3 b6 21. Re1 Ne5 22.
Rxe5 Ba6 23. Rxg5 fxg5 24. Qc7+ Ke7 25. Qe5+ Kf7 26. Nd6+ Kg6 27. Qf5+ Kh5 28. Nf7 h6 29. Ne5 Rac8+ 30. Kd4 1-0

[Event "Late-Titled-Tuesday-Blitz-May-28-2024"]
[Site "Chess.com"]
[Date "2024.05.28"]
[Round "1"]
[White "Onthequiet"]
[Black "whiteshirt_boi"]
[Result "0-1"]
[WhiteElo "2451"]
[BlackElo "2797"]
[TimeControl "180+1"]
[EndTime "14:06:36 PDT"]
[Termination "whiteshirt_boi won by resignation"]

1. d4 Nf6 2. Nf3 e6 3. c4 d5 4. Nc3 Bb4 5. a3 Bxc3+ 6. bxc3 dxc4 7. Qa4+ Nbd7 8. Qxc4 O-O 9. Bg5 b6 10. e3 a5 11. Qc6 Ba6 12. Bxa6 Rxa6 13. Ne5 Nxe5 14. dxe5 Qd5 15. Qxd5 Nxd5 16. c4 Nc3 17. f3 h6 18.
Bh4 Na4 19. Rd1 Nb2 20. Rd4 c5 21. Re4 Ra7 22. Ke2 Rd7 23. Rb1 Na4 24. Rc1 g5 25. Be1 Kg7 26. h4 Kg6 27. g4 Rfd8 28. h5+ Kg7 29. f4 Rd3 30. Ra1 Rb3 31. fxg5 hxg5 32. Kf3 Rdd3 33. Ra2 Nb2 34. Bh4 gxh4 35. g5 Nd1 36.
Re2 Nc3 0-1